 Dungeon Crawl Stone Soup version 0.31-a0-1570-g93c622d222 (webtiles) character file.

Game seed: 2280908765305594428

7046 Curundu the Cleaver (level 10, -5/90 (94) HPs)
             Began as a Minotaur Berserker on Jan 3, 2024.
             Was an Elder of Trog.
             Slain by a wight
             ... wielding a +0 halberd
              (10 damage)
             ... on level 9 of the Dungeon.
             The game lasted 00:38:36 (9429 turns).

Curundu the Cleaver (Minotaur Berserker)            Turns: 9429, Time: 00:38:36

HP:   -5/90 (94)    AC: 14    Str: 26    XL:     10   Next: 83%
MP:   9/9           EV: 11    Int:  4    God:    Trog [****..]
Gold: 292           SH:  3    Dex: 10    Spells: 9/9 levels left

rFire   . . .        y - +2 flail (drain)
rCold   . . .        w - +0 buckler
rNeg    . . .        A - +0 chain mail
rPois   .            (helmet restricted)
rElec   .            (no cloak)
rCorr   .            (no gloves)
SInv    +            J - +1 pair of boots
Will    .....        (no amulet) Stlth
                     v - ring of see invisible
HPRegen 0.35/turn    (no ring)
MPRegen 0.11/turn

%: no passive effects
@: lightly drained
A: horns 2, retaliatory headbutt
a: Renounce Religion, Berserk, Trog's Hand, Brothers in Arms


You were on level 9 of the Dungeon.
You worshipped Trog.
Trog was greatly pleased with you.
You visited 2 branches of the dungeon, and saw 10 of its levels.
You also visited: Ossuary.

You collected 352 gold pieces.
You spent 60 gold pieces at shops.

Inventory:

Hand Weapons
 a - a +0 hand axe
 i - a +2 trident of protection
 y - a +2 flail of draining (weapon)
Missiles
 l - 12 poisoned darts
Armour
 w - a +0 buckler (worn)
 A - a +0 chain mail (worn)
 J - a +1 pair of boots (worn)
Jewellery
 e - a ring of willpower
 v - a ring of see invisible (left hand)
 G - a +6 ring of intelligence
Wands
 f - a wand of light (7)
 u - a wand of flame (14)
Scrolls
 c - a scroll of blinking {unknown}
 g - a scroll of summoning
 h - a scroll of revelation
 j - 3 scrolls of teleportation
 k - a scroll of enchant weapon {unknown}
 m - 3 scrolls of noise
 n - a scroll of acquirement {unknown}
 o - 4 scrolls of fog {unknown}
 p - 3 scrolls of enchant armour {unknown}
 r - 5 scrolls of immolation {unknown}
 x - 2 scrolls of silence {unknown}
 E - a scroll of vulnerability {unknown}
 F - 3 scrolls of fear {unknown}
 H - 3 scrolls of identify
Potions
 b - 4 potions of curing
 d - 3 potions of enlightenment
 q - a potion of resistance
 s - a potion of invisibility
 t - a potion of mutation {unknown}
 z - 3 potions of lignification
 B - 2 potions of attraction
 C - 2 potions of heal wounds
 D - 2 potions of haste
 I - a potion of brilliance {unknown}


   Skills:
 - Level 10.4 Fighting
 + Level 11.5 Axes
 - Level 10.0 Armour
 - Level 9.2 Dodging


You had 9 spell levels left.
You didn't know any spells.
Your spell library was empty.

Dungeon Overview and Level Annotations

Branches:
Dungeon (9/15)             Temple (1/1) D:4         Ossuary (visited)
   Lair: D:8-11         Orc: D:9-12

Altars:
Ashenzari
Cheibriados
Dithmenos
Elyvilon
Fedhas
Gozag
Hepliaklqana
Kikubaaqudgha
Makhleb
Nemelex Xobeh
Qazlal
Ru
Sif Muna
Trog
Uskayaw
Vehumet
Wu Jian
Xom
Yredelemnul
Zin
The Shining One

Shops:
D:6 ?


Innate Abilities, Weirdness & Mutations

You have a pair of horns on your head.
You reflexively headbutt those who attack you in melee.


Message History

The eight-headed hydra bites you! x2
The eight-headed hydra bites you but does no damage. x2
You block the eight-headed hydra's attack.
The eight-headed hydra misses you. The wight hits you but does no damage.
You hit the eight-headed hydra. You drain the eight-headed hydra.
You headbutt the eight-headed hydra!
The eight-headed hydra is moderately wounded.
The eight-headed hydra bites you. x2
The eight-headed hydra closely misses you.
The eight-headed hydra bites you but does no damage. x2
The eight-headed hydra bites you. The eight-headed hydra bites you!
The eight-headed hydra bites you but does no damage.
The wight hits you from afar with a +0 halberd.
You feel drained.
You block the eight-headed hydra's attack.
The eight-headed hydra bites you. The eight-headed hydra bites you!
The eight-headed hydra bites you but does no damage. x2
The eight-headed hydra misses you.
The eight-headed hydra bites you but does no damage.
The eight-headed hydra closely misses you.
You hit the eight-headed hydra.
The eight-headed hydra is moderately wounded.
The wight hits you from afar with a +0 halberd!
You feel drained.
* * * LOW HITPOINT WARNING * * *
The eight-headed hydra bites you!
* * * LOW HITPOINT WARNING * * *
The eight-headed hydra closely misses you.
The eight-headed hydra bites you.
* * * LOW HITPOINT WARNING * * *
The eight-headed hydra bites you.
* * * LOW HITPOINT WARNING * * *
The eight-headed hydra bites you but does no damage. x2
The eight-headed hydra bites you!
* * * LOW HITPOINT WARNING * * *
The eight-headed hydra completely misses you.
You sock the eight-headed hydra! You drain the eight-headed hydra.
The eight-headed hydra is severely wounded.
The wight hits you from afar with a +0 halberd!
You die...

#.......###### ##...
#..##.#.# #..#
####..##.#.## ### #...
#....(......#####.### #...
#............##..#..# #...
#.##########.##.###.###...
#.'..#..#..#...## ##......
#.#..'.)'..#..#.###.####..
#.#######@##..#.)#..# #..
#.# #D.#.####.### ##. #.#
#z.#.# ### #. #.# #'##.# .
#.# '..#.# # #.# #..#.#
#.# ### # # #


You could see an eight-headed hydra (drained) and a wight.

Vanquished Creatures
  A deep elf pyromancer (D:9)
  A manticore (D:7)
  Joseph (D:7)
  Maggie (D:7)
  A hornet (D:9)
  Grinder (D:3)
  Sigmund (D:2)
  A shadow (D:9)
  Eustachio (D:4)
  12 yaks
  A vampire (D:9)
  Edmund (D:5)
  An acid dragon (D:8)
  2 ice beasts
  Pargi (D:4)
  2 sky beasts
  An orc warrior (D:8)
  An ogre (D:6)
  2 centaurs
  A phantom (D:5)
  2 kobold brigands (D:7)
  4 scorpions
  A bombardier beetle (D:6)
  7 bullfrog zombies (Ossuary)
  5 hounds
  An orc priest (D:7)
  A jelly (D:5)
  A sleepcap (D:6)
  Jessica (D:3)
  An iguana (D:4)
  6 orc wizards
  Natasha (thrice) (D:3)
  2 killer bee zombies (Ossuary)
  2 crocodile zombies (Ossuary)
  3 hound zombies (Ossuary)
  8 mummies
  3 howler monkey zombies (Ossuary)
  Robin (D:4)
  7 gnolls
  4 adders
  2 shadow imps
  3 white imps
  4 ufetubi
  2 dart slugs
  2 ribbon worms
  10 orcs
  11 ball pythons
  12 bats
  7 endoplasms
  A giant cockroach (D:4)
  16 goblins
  9 hobgoblins
  4 jackals (D:3)
  15 kobolds
  5 quokkas
  7 ball python zombies (Ossuary)
  A goblin skeleton (D:5)
  A goblin zombie (D:5)
  A hobgoblin zombie (D:6)
  A kobold skeleton (D:5)
  A kobold zombie (D:6)
  An orc skeleton (D:5)
  2 orc zombies (D:5)
  4 rats
219 creatures vanquished.

Vanquished Creatures (collateral kills)
  An orc priest (D:6)
  An iguana (D:6)
  An orc wizard (D:6)
  2 orcs (D:6)
5 creatures vanquished.

Grand Total: 224 creatures vanquished

Notes
Turn   | Place    | Note
-------+----------+-------------------------------------------
     0 | D:1      | Curundu the Minotaur Berserker began the quest for the Orb.
     0 | D:1      | Reached XP level 1. HP: 19/19 MP: 0/0
   188 | D:1      | Reached XP level 2. HP: 27/27 MP: 1/1
   357 | D:1      | Reached skill level 4 in Axes
   635 | D:1      | Reached XP level 3. HP: 33/33 MP: 2/2
   804 | D:2      | Noticed Sigmund
   828 | D:2      | Killed Sigmund
   829 | D:2      | Reached XP level 4. HP: 41/41 MP: 3/3
   829 | D:2      | Reached XP level 5. HP: 47/47 MP: 4/4
  1180 | D:2      | Reached ** piety under Trog
  1809 | D:3      | Found a faded altar of an unknown god.
  1904 | D:3      | Found a snail-covered altar of Cheibriados.
  1930 | D:3      | Found an ancient bone altar of Kikubaaqudgha.
  2004 | D:3      | Noticed Grinder
  2036 | D:3      | Paralysed by Grinder for 5 turns
  2050 | D:3      | Killed Grinder
  2051 | D:3      | Reached skill level 5 in Fighting
  2051 | D:3      | Reached skill level 5 in Axes
  2051 | D:3      | Reached XP level 6. HP: 43/56 MP: 5/5
  2116 | D:3      | Noticed Natasha
  2121 | D:3      | Killed Natasha
  2215 | D:3      | Noticed Natasha
  2232 | D:3      | Killed Natasha
  2324 | D:3      | Noticed Jessica
  2335 | D:3      | Killed Jessica
  2422 | D:3      | Noticed Natasha
  2429 | D:3      | Killed Natasha
  2430 | D:3      | Reached skill level 5 in Armour
  2711 | D:4      | Reached XP level 7. HP: 62/62 MP: 6/6
  2890 | D:4      | Noticed Pargi
  2919 | D:4      | Killed Pargi
  2920 | D:4      | Reached skill level 6 in Axes
  3062 | D:4      | Noticed Robin
  3075 | D:4      | Killed Robin
  3104 | D:4      | Noticed Eustachio
  3111 | D:4      | Reached skill level 5 in Dodging
  3123 | D:4      | Killed Eustachio
  3248 | D:4      | Found a staircase to the Ecumenical Temple.
  3276 | Temple   | Entered the Ecumenical Temple
  3650 | D:4      | Reached *** piety under Trog
  3774 | D:5      | Entered Level 5 of the Dungeon
  3786 | D:5      | Reached XP level 8. HP: 71/71 MP: 7/7
  3891 | D:5      | Found a sacrificial altar of Ru.
  4010 | D:5      | Found a white marble altar of Elyvilon.
  4032 | D:5      | Noticed Edmund
  4047 | D:5      | Reached skill level 7 in Axes
  4056 | D:5      | Killed Edmund
  4124 | D:5      | Found a glowing golden altar of the Shining One.
  4731 | D:6      | Found a sand-covered staircase.
  4737 | Ossuary  | Entered an ossuary
  5001 | Ossuary  | Reached **** piety under Trog
  5028 | Ossuary  | Reached skill level 8 in Axes
  5028 | Ossuary  | Reached XP level 9. HP: 66/81 MP: 8/8
  5495 | D:6      | Found Jotab's Magic Scroll Emporium.
  5506 | D:6      | Bought a scroll of identify for 30 gold pieces
  5506 | D:6      | Bought a scroll of identify for 30 gold pieces
  5550 | D:6      | Found a burning altar of Makhleb.
  5822 | D:6      | You fall into a shaft and drop 1 floor!
  5824 | D:7      | Noticed a manticore
  5835 | D:7      | Killed a manticore
  6268 | D:7      | Noticed Maggie
  6277 | D:7      | Killed Maggie
  6278 | D:7      | Reached skill level 9 in Axes
  6967 | D:7      | Identified the +3 ring mail of Niytyi {rC- rCorr Slay-5
                  | Stlth+}
  6976 | D:7      | Noticed Joseph
  7209 | D:7      | Killed Joseph
  7210 | D:7      | Reached XP level 10. HP: 75/91 MP: 9/9
  8198 | D:8      | Found a shimmering blue altar of Sif Muna.
  8454 | D:9      | Reached skill level 10 in Axes
  8458 | D:9      | Reached skill level 10 in Fighting
  8764 | D:9      | Reached skill level 10 in Armour
  8952 | D:9      | Paralysed by a hornet for 1 turns
  9148 | D:9      | Found a runed translucent door.
  9148 | D:9      | Noticed a deep elf pyromancer
  9159 | D:9      | Killed a deep elf pyromancer
  9160 | D:9      | Reached skill level 11 in Axes
  9422 | D:9      | Noticed an eight-headed hydra
  9429 | D:9      | Slain by a wight

Illustrated notes

Levels and vault maps discovered:
D:1:      dpeg_arrival_stonehenge_8_columns, layout_loops_ring,
          corexii_hall_statues_l, minmay_statues_item, minmay_tromino_i2
D:2:      layout_loops_corners, fountainhead, uniq_sigmund
D:3:      layout_basic, mainiacjoe_overflow_concentric_impassable,
          kennysheep_slug_shrine, nicolae_ecumenical_oubliette,
          minmay_misc_feat_enclosed, chequers_serial_rivers_micro_a,
          uniq_grinder, uniq_jessica, uniq_natasha
D:4:      layout_loops_ring, minmay_temple_entry_slanted,
          minmay_fractal_squares_5, uniq_pargi, uniq_robin, uniq_eustachio
D:5:      layout_cave_pools, nicolae_ru_the_path_less_chosen,
          nicolae_tso_besieged_by_evil, mainiacjoe_overflow_alcove_2,
          kennysheep_another_room, uniq_edmund
D:6:      layout_basic, overflow_temple_1_default, nicolae_ossuary_entry_giza,
          serial_shops, nicolae_shop_tiny_statue_garden
D:7:      nicolae_BIG_FREAKIN_CUBE, layout_basic, uniq_joseph, uniq_maggie
D:8:      layout_loops_ring, mainiacjoe_overflow_six_doors_small
D:9:      layout_loops_cross, minivault_13
Temple:   minmay_temple_curvy_branch

Skill      XL: |  1  2  3  4  5  6  7  8  9 10 |
---------------+-------------------------------+-----
Axes           | 4 5 6 8 9 11 | 11.5
Fighting       | 4 5 6 7 9 10 | 10.4
Armour         | 3 4 5 7 8 10 | 10.0
Dodging        | 3 4 5 6 8 9 |  9.2

Action                     |  1- 3 |  4- 6 |  7- 9 | 10-12 || total
---------------------------+-------+-------+-------+-------++-------
  Melee: Hand axe          |    19 |       |       |       ||    19
         Headbutt          |     7 |    11 |    68 |    29 ||   115
         Punch             |     1 |       |       |       ||     1
         Trident           |    26 |    90 |   146 |       ||   262
         Flail             |       |       |   227 |   126 ||   353
  Throw: Dart              |       |     4 |       |       ||     4
 Invoke: Berserk           |     1 |     1 |     1 |       ||     3
         Trog's Hand       |       |     1 |     4 |       ||     5
         Brothers in Arms  |       |       |     1 |       ||     1
  Evoke: Wand              |       |       |     6 |       ||     6
    Use: Scroll            |       |       |    14 |       ||    14
 Armour: Animal skin       |    20 |    14 |       |       ||    34
         Ring mail         |       |    67 |    59 |       ||   126
         Scale mail        |       |       |    46 |       ||    46
         Chain mail        |       |       |   177 |   109 ||   286
  Dodge: Dodged            |    34 |    73 |   192 |    57 ||   356
  Block: Buckler           |       |     3 |    61 |    12 ||    76

Table legend: (Time is in decaauts)
 A = Elapsed time spent in this place.
 B = Non-inter-level travel time spent in this place.
 C = Inter-level travel time spent in this place.
 D = Time resting spent in this place.
 E = Time spent auto-exploring this place.
 F = Levels seen in this place.
 G = Mean time per level.
                   A        B        C        D        E       F      G
               +--------+--------+--------+--------+--------+-----+--------+
         Total |   9601 |   9601 |      0 |    996 |   5808 |  11 |  872.8 |
       Dungeon |   8699 |   8699 |      0 |    879 |   5476 |   9 |  966.6 |
        Temple |    137 |    137 |      0 |      0 |      2 |   1 |  137.0 |
       Ossuary |    764 |    764 |      0 |    117 |    330 |   1 |  764.0 |
               +--------+--------+--------+--------+--------+-----+--------+

Top non-repeatable levels by time:
     D:6: 1401 daAuts
     D:9: 1174 daAuts
     D:2: 1137 daAuts
     D:7: 1134 daAuts
     D:4: 1018 daAuts
     D:3: 802 daAuts
 Ossuary: 764 daAuts
     D:1: 736 daAuts
     D:5: 720 daAuts
     D:8: 573 daAuts
  Temple: 137 daAuts
